 Dungeon Crawl Stone Soup version 0.26-a0-54-g15ccc7a (webtiles) character file.

Game seed: 6048383941040782055

1225 thirtiethelement the Shield-Bearer (level 8, -1/67 HPs)
             Began as a Gnoll Fighter on June 8, 2020.
             Was a Believer of Cheibriados.
             Killed by nerve-wracking pain
             ... invoked by an orc priest
              (8 damage)
             ... on level 7 of the Dungeon.
             The game lasted 00:12:08 (5381 turns).

thirtiethelement the Shield-Bearer (Gnoll Fighter)  Turns: 5381, Time: 00:12:09

Health: -1/67      AC: 15    Str: 26    XL:     8   Next: 47%
Magic:  21/21      EV: 11    Int: 19    God:    Cheibriados [**....]
Gold:   125        SH: 12    Dex: 23    Spells: 13/13 levels left

rFire    . . .     SeeInvis +   a - +1 war axe
rCold    . . .     Gourm    .   c - +0 kite shield
rNeg     . . .     Faith    +   b - +0 scale mail
rPois    .         Spirit   .   r - +2 hat
rElec    .         Reflect  .   o - +0 cloak of Eternal Night {Str-2 Int+3 Slay+2 SInv}
rCorr    .         Harm     .   t - +1 pair of gloves {Dex+3}
MR       .....                  g - +1 pair of boots
Stlth    ++........             u - amulet of faith
HPRegen  0.21/turn              e - ring of magical power
MPRegen  0.17/turn              (no ring)

@: very slow
A: distributed training, fangs 1, strong nose
a: Bend Time, Renounce Religion


You were on level 7 of the Dungeon.
You worshipped Cheibriados.
Cheibriados was pleased with you.
You were not hungry.

You visited 2 branches of the dungeon, and saw 8 of its levels.
You also visited: Ossuary.

You collected 353 gold pieces.
You spent 228 gold pieces at shops.

Inventory:

Hand Weapons
 a - a +1 war axe (weapon)
Missiles
 w - 7 boomerangs (quivered)
Armour
 b - a +0 scale mail (worn)
 c - a +0 kite shield (worn)
 g - a +1 pair of boots (worn)
 h - a +2 cloak
 n - a +0 helmet
 o - the +0 cloak of Eternal Night (worn) {Str-2 Int+3 Slay+2 SInv}
   (You bought it in a shop on level 5 of the Dungeon)

   It affects your strength (-2).
   It affects your intelligence (+3).
   It affects your accuracy and damage with ranged weapons and melee attacks
   (+2).
   It lets you see invisible.
 r - a +2 hat (worn)
 t - a +1 pair of gloves of dexterity (worn)
Jewellery
 e - a ring of magical power (left hand)
 u - an amulet of faith (around neck)
Wands
 v - a wand of acid (11)
Scrolls
 j - a scroll of blinking
 k - 3 scrolls of amnesia
 m - 5 scrolls of remove curse
 p - 4 scrolls of fog
 q - a scroll of teleportation
 s - a scroll of noise
 y - 2 scrolls of magic mapping
Potions
 d - a potion of might
 i - 5 potions of haste
 l - 4 potions of curing
 x - 2 potions of berserk rage
 A - 2 potions of resistance
Comestibles
 f - 11 rations
 z - 6 chunks of flesh


   Skills:
 + Level 7.3 Fighting
 + Level 3.2 Short Blades
 + Level 3.2 Long Blades
 + Level 5.6 Axes
 + Level 3.2 Maces & Flails
 + Level 3.2 Polearms
 + Level 3.2 Staves
 + Level 3.2 Slings
 + Level 3.2 Bows
 + Level 3.2 Crossbows
 + Level 3.2 Throwing
 + Level 7.3 Armour
 + Level 3.2 Dodging
 + Level 3.2 Stealth
 + Level 7.3 Shields
 + Level 3.2 Unarmed Combat
 + Level 3.2 Spellcasting
 + Level 2.6 Conjurations
 + Level 2.6 Hexes
 + Level 2.6 Charms
 + Level 2.6 Summonings
 + Level 2.6 Necromancy
 + Level 2.6 Translocations
 + Level 2.6 Transmutations
 + Level 2.6 Fire Magic
 + Level 2.6 Ice Magic
 + Level 2.6 Air Magic
 + Level 2.6 Earth Magic
 + Level 2.6 Poison Magic
 + Level 3.5 Invocations
 + Level 3.2 Evocations


You had 13 spell levels left.
You didn't know any spells.
Your spell library was empty.

Dungeon Overview and Level Annotations

Branches:
Dungeon (7/15)             Temple (1/1) D:5         Ossuary (visited)

Altars:
Ashenzari
Cheibriados
Dithmenos
Elyvilon
Fedhas
Gozag
Hepliaklqana
Makhleb
Nemelex Xobeh
Okawaru
Qazlal
Ru
Sif Muna
Trog
Uskayaw
Vehumet
Wu Jian
Xom
Yredelemnul
Zin
The Shining One

Shops:
D:4 *   D:5 [


Innate Abilities, Weirdness & Mutations

Your experience applies equally to all skills.
You have very sharp teeth.
Your uncanny sense of smell can sniff out nearby items.


Message History

You feel better.
The killer bee zombie hits you but does no damage.
You block the adder's attack.
You block the killer bee zombie's attack.
The orc hits you from afar with a +0 trident.
* * * LOW HITPOINT WARNING * * *
The orc priest hits you from afar with a +0 trident.
* * * LOW HITPOINT WARNING * * *
You block the adder's attack.
The orc priest hits you but does no damage.
The orc wizard hits you but does no damage.
You feel better.
The killer bee zombie closely misses you.
The killer bee zombie barely misses you.
You block the adder's attack. You block the orc's attack.
The orc priest hits you from afar with a +0 trident.
* * * LOW HITPOINT WARNING * * *
The orc priest calls down the wrath of Beogh upon you.
Pain shoots through your body!
You die...

# #..##......)). #.#
#..#.####.### ###.##
#.#.#....# .....#
#...#.#### . #..###
#....# ..##
#....###...## .....
#.##$....).##
.....o#o........).#
..(..)o@...##.[#).#
......ZS##.##.##.......#
.....o..##..#.##......(#
.......####...##.......#
....... ##..........#
......# ..#...######
...... .###... ....$. .
#.[.


You could see 2 orc priests, an orc wizard, an adder, an orc and a killer bee
zombie.

Vanquished Creatures
  An ogre (D:4)
  A bullfrog (D:7)
  5 scorpions
  A howler monkey (D:6)
  2 crimson imps
  A bullfrog zombie (D:3)
  2 centaur zombies (Ossuary)
  A centaur skeleton (D:6)
  A human zombie (Ossuary)
  A jelly (D:6)
  2 orc priests
  A hound (D:4)
  3 orc wizards
  4 worker ants
  2 mummies (Ossuary)
  7 adders
  A shadow imp (D:6)
  An adder zombie (Ossuary)
  An adder skeleton (D:5)
  3 worms
  A dart slug (D:2)
  3 leopard geckos
  36 orcs
  7 giant cockroaches
  4 goblins
  9 hobgoblins
  2 jackals (D:7)
  6 kobolds
  4 quokkas
  2 ball pythons (D:2)
  11 bats
  8 frilled lizards
  14 hobgoblin zombies (Ossuary)
  2 jackal zombies (Ossuary)
  7 kobold zombies (Ossuary)
  A leopard gecko skeleton (D:4)
  10 orc zombies (Ossuary)
  6 rats
174 creatures vanquished.

Notes
Turn   | Place    | Note
-------+----------+-------------------------------------------
     0 | D:1      | thirtiethelement the Gnoll Fighter began the quest for the
                  | Orb.
     0 | D:1      | Reached XP level 1. HP: 23/23 MP: 1/1
   232 | D:1      | Reached XP level 2. HP: 29/29 MP: 2/2
   538 | D:1      | Reached XP level 3. HP: 35/35 MP: 3/3
   842 | D:2      | Reached skill level 1 in Invocations
  1047 | D:2      | Found an iron altar of Okawaru.
  1084 | D:2      | Reached skill level 1 in Short Blades
  1084 | D:2      | Reached skill level 1 in Long Blades
  1084 | D:2      | Reached skill level 1 in Maces & Flails
  1084 | D:2      | Reached skill level 1 in Polearms
  1084 | D:2      | Reached skill level 1 in Staves
  1084 | D:2      | Reached skill level 1 in Slings
  1084 | D:2      | Reached skill level 1 in Bows
  1084 | D:2      | Reached skill level 1 in Crossbows
  1084 | D:2      | Reached skill level 1 in Throwing
  1084 | D:2      | Reached skill level 1 in Dodging
  1084 | D:2      | Reached skill level 1 in Stealth
  1084 | D:2      | Reached skill level 1 in Unarmed Combat
  1084 | D:2      | Reached skill level 1 in Spellcasting
  1084 | D:2      | Reached skill level 1 in Evocations
  1084 | D:2      | Reached XP level 4. HP: 36/41 MP: 5/5
  1470 | D:3      | Reached skill level 1 in Conjurations
  1470 | D:3      | Reached skill level 1 in Hexes
  1470 | D:3      | Reached skill level 1 in Charms
  1470 | D:3      | Reached skill level 1 in Summonings
  1470 | D:3      | Reached skill level 1 in Necromancy
  1470 | D:3      | Reached skill level 1 in Translocations
  1470 | D:3      | Reached skill level 1 in Transmutations
  1470 | D:3      | Reached skill level 1 in Fire Magic
  1470 | D:3      | Reached skill level 1 in Ice Magic
  1470 | D:3      | Reached skill level 1 in Air Magic
  1470 | D:3      | Reached skill level 1 in Earth Magic
  1470 | D:3      | Reached skill level 1 in Poison Magic
  1617 | D:3      | Found a shimmering altar of Xom.
  1625 | D:3      | Reached XP level 5. HP: 47/47 MP: 6/6
  1858 | D:3      | Found a shadowy altar of Dithmenos.
  2644 | D:3      | Reached XP level 6. HP: 53/53 MP: 8/8
  3096 | D:4      | Found Zin's Purification Station.
  3101 | D:4      | Found a glowing silver altar of Zin.
  3106 | D:4      | Reached skill level 5 in Axes
  3244 | D:4      | Found a glowing golden altar of the Shining One.
  3544 | D:5      | Entered Level 5 of the Dungeon
  3589 | D:5      | Found a staircase to the Ecumenical Temple.
  3611 | Temple   | Entered the Ecumenical Temple
  3873 | Temple   | Became a worshipper of Cheibriados the Contemplative
  4027 | D:5      | Found Gofetus's Antique Armour Shop.
  4031 | D:5      | Reached XP level 7. HP: 59/59 MP: 10/10
  4037 | D:5      | Bought a brightly glowing cloak for 228 gold pieces
  4047 | D:5      | Identified the +0 cloak of Eternal Night {Str-2 Int+3
                  | Slay+2 SInv} (You bought it in a shop on level 5 of the
                  | Dungeon)
  4094 | D:5      | Found a radiant altar of Vehumet.
  4271 | D:6      | Found a sand-covered staircase.
  4275 | Ossuary  | Entered an ossuary
  4376 | Ossuary  | Reached * piety under Cheibriados
  4719 | D:6      | Identified a scroll of acquirement
  4914 | D:6      | Reached ** piety under Cheibriados
  4918 | D:6      | Reached XP level 8. HP: 50/67 MP: 12/12
  5217 | D:6      | Found a sacrificial altar of Ru.
  5381 | D:7      | Killed from afar by an orc priest

Illustrated notes

Levels and vault maps discovered:
D:1:      minmay_arrival_checkered_box, layout_basic
D:2:      layout_loops_ring, nicolae_overflow_crystal_walls, minmay_hexomino_u4
D:3:      layout_basic, lemuel_crystal_altar, lemuel_crystal_altar,
          minmay_crystal_room
D:4:      layout_basic, overflow_temple_1_default, zin_purify
D:5:      layout_rooms, kennysheep_mini, temple_statues, first_ration,
          serial_shops, shop
D:6:      layout_loops_ring, lightli_ossuary_entry_decrepit_ruins,
          nicolae_ru_path_of_blood
D:7:      layout_rooms, uniq_duvessa
Temple:   minmay_temple_curvy_branch

Skill      XL: |  1  2  3  4  5  6  7  8 |
---------------+-------------------------+-----
Invocations    | 1 2 3 |  3.5
Short Blades   | 1 2 3 |  3.2
Long Blades    | 1 2 3 |  3.2
Maces & Flails | 1 2 3 |  3.2
Polearms       | 1 2 3 |  3.2
Staves         | 1 2 3 |  3.2
Slings         | 1 2 3 |  3.2
Bows           | 1 2 3 |  3.2
Crossbows      | 1 2 3 |  3.2
Throwing       | 1 2 3 |  3.2
Dodging        | 1 2 3 |  3.2
Stealth        | 1 2 3 |  3.2
Unarmed Combat | 1 2 3 |  3.2
Spellcasting   | 1 2 3 |  3.2
Evocations     | 1 2 3 |  3.2
Conjurations   | 1 2 |  2.6
Hexes          | 1 2 |  2.6
Charms         | 1 2 |  2.6
Summonings     | 1 2 |  2.6
Necromancy     | 1 2 |  2.6
Translocations | 1 2 |  2.6
Transmutations | 1 2 |  2.6
Fire Magic     | 1 2 |  2.6
Ice Magic      | 1 2 |  2.6
Air Magic      | 1 2 |  2.6
Earth Magic    | 1 2 |  2.6
Poison Magic   | 1 2 |  2.6
Axes           | 5 |  5.6
Fighting       | 7 |  7.3
Armour         | 7 |  7.3
Shields        | 7 |  7.3

Action                   |  1- 3 |  4- 6 |  7- 9 || total
-------------------------+-------+-------+-------++-------
Melee: War axe           |    94 |   187 |   159 ||   440
       Bite              |     7 |    21 |    29 ||    57
  Use: Scroll            |     7 |     4 |     6 ||    17
       Potion            |       |       |     7 ||     7
 Stab: Distracted        |       |       |     1 ||     1
  Eat: Chunk             |     1 |     9 |     1 ||    11
       Ration            |       |       |     1 ||     1
Armor: Scale mail        |    32 |    74 |    76 ||   182
Dodge: Dodged            |    36 |    60 |    65 ||   161
Block: Kite shield       |    45 |   113 |   118 ||   276

Table legend:
 A = Non-vault XP
 B = Vault XP
 C = Vault XP percentage of total XP
 D = Non-vault monster count
 E = Vault monster count
 F = Vault count percentage of total count
                 A         B        C        D         E       F
            +---------+---------+-------+---------+---------+-------
      Total |    1540 |     210 |  12.0 |     131 |      43 |  24.7
            +---------+---------+-------+---------+---------+-------
        D:1 |      35 |       0 |   0.0 |      21 |       0 |   0.0
        D:2 |      51 |       6 |  10.5 |      17 |       4 |  19.0
        D:3 |     240 |       0 |   0.0 |      39 |       0 |   0.0
        D:4 |     238 |       0 |   0.0 |       8 |       0 |   0.0
        D:5 |      75 |       0 |   0.0 |       6 |       0 |   0.0
        D:6 |     525 |       0 |   0.0 |      24 |       0 |   0.0
        D:7 |     376 |       0 |   0.0 |      16 |       0 |   0.0
    Ossuary |       0 |     204 | 100.0 |       0 |      39 | 100.0
            +---------+---------+-------+---------+---------+-------
